 Dungeon Crawl Stone Soup version 0.25-a0-292-gaa31f046c4 (webtiles) character file.

Game seed: 7116168820090413762, levelgen mode: deterministic

28326 MoonlitKnight the Severer (level 13, -6/189 HPs)
             Began as a Minotaur Berserker on Dec 15, 2019.
             Was an Elder of Trog.
             Mangled by a death yak (18 damage)
             ... on level 6 of the Lair of Beasts.
             The game lasted 00:29:14 (15133 turns).

MoonlitKnight the Severer (Minotaur Berserker)     Turns: 15133, Time: 00:29:15

Health: -6/189     AC: 15    Str: 31    XL:     13   Next: 9%
Magic:  12/12      EV: 14    Int:  4    God:    Trog [****..]
Gold:   908        SH:  0    Dex: 11    Spells: 12/12 levels left

rFire    . . .     SeeInvis .   b - +6 broad axe
rCold    . . .     Gourm    .   (no shield)
rNeg     . . .     Faith    .   m - +1 chain mail
rPois    +         Spirit   .   (helmet restricted)
rElec    .         Reflect  .   K - +0 cloak
rCorr    .         Harm     .   S - +0 pair of gloves
MR       .....                  (no boots)
Stlth    ..........             (no amulet)
HPRegen  0.41/turn              s - ring of poison resistance
MPRegen  0.13/turn              E - +1 ring of slaying

@: berserking, studying Long Blades, very quick
A: retaliatory headbutt, horns 2
a: Berserk, Trog's Hand, Brothers in Arms, Renounce Religion


You were on level 6 of the Lair of Beasts.
You worshipped Trog.
Trog was greatly pleased with you.
You were hungry.

You visited 2 branches of the dungeon, and saw 15 of its levels.

You collected 908 gold pieces.

Inventory:

Hand Weapons
 a - a +1 battleaxe of flaming
 b - a +6 broad axe (weapon)
Missiles
 u - 8 javelins (quivered)
 w - 61 poisoned darts
Armour
 m - a +1 chain mail (worn)
 K - a +0 cloak (worn)
 S - a +0 pair of gloves (worn)
Jewellery
 s - a ring of poison resistance (left hand)
 E - a +1 ring of slaying (right hand)
 N - an uncursed ring of protection from magic
Wands
 j - a wand of flame (90)
 x - a wand of enslavement (7)
 z - a wand of iceblast (14)
 J - a wand of random effects (17)
Scrolls
 d - 5 scrolls of magic mapping
 e - a scroll of fear
 f - 4 scrolls of teleportation
 h - 5 scrolls of remove curse
 i - a scroll of enchant weapon
 n - a scroll of immolation
 q - 4 scrolls of enchant armour
 y - 2 scrolls of fog
 D - 6 scrolls of summoning
 F - a scroll of vulnerability
 P - 4 scrolls of identify
 Q - a scroll of blinking {unknown}
Potions
 g - 8 potions of curing
 k - 4 potions of magic
 l - 3 potions of resistance
 o - 3 potions of might
 p - 4 potions of brilliance
 r - a potion of cancellation {unknown}
 v - 3 potions of heal wounds {unknown}
 A - a potion of degeneration {unknown}
 B - 4 potions of lignification {unknown}
 I - 3 potions of flight {unknown}
 L - a potion of invisibility {unknown}
 O - 3 potions of haste {unknown}
Books
 G - a manual of Long Blades
Miscellaneous
 M - a fan of gales
Comestibles
 c - 24 rations
 t - 4 chunks of flesh


   Skills:
 + Level 15.0 Fighting
 + Level 15.2 Axes
 - Level 10.4 Armour
 + Level 10.9 Dodging


You had 12 spell levels left.
You didn't know any spells.
Your spell library was empty.

Dungeon Overview and Level Annotations

Branches:
Dungeon (9/15)             Temple (0/1) D:7            Lair (6/6) D:8
  Swamp (0/4) Lair:4       Spider (0/4) Lair:3        Slime (0/5) Lair:6
    Orc: D:9-12

Altars:
Ashenzari
Dithmenos
Fedhas
Makhleb
Ru
Uskayaw
Yredelemnul

Shops:
D:5 (   D:6 (   D:7 !

Annotations:
Lair:1 1 runed translucent door, walterwhite's ghost, journeyman GnTm
Lair:3 exclusion: oklob plant
Lair:4 3 runed translucent doors, astraldaughter's ghost, journeyman GnAE


Innate Abilities, Weirdness & Mutations

You reflexively headbutt those who attack you in melee.
You have a pair of horns on your head.


Message History

The death yak is moderately wounded.
You hit the death yak. You slash the death yak!
You hit the death yak but do no damage. The death yak completely misses you.
The death yak gores you! x2
The death yak gores you but does no damage.
You hit the death yak.
You headbutt the death yak, but do no damage.
The death yak is lightly wounded.
You slash the death yak! x4; The death yak gores you!!
The death yak gores you but does no damage.
The death yak gores you!!
* * * LOW HITPOINT WARNING * * *
A red film seems to cover your vision as you go berserk!
You feel yourself moving faster!
You feel mighty!
You are feeling hungry.
The death yak gores you!!
* * * LOW HITPOINT WARNING * * *
The death yak gores you but does no damage.
The death yak barely misses you. The death yak gores you!!
You die...

.....## #### ##########.## #.P.
#..÷†#####..####.##.##P..#.###...
...÷.............................
.................................
.................................
#.P#..##.#.#..(...#..#..#....##..
..###..##...#......##.###.P#####.
.####P.PP..#...YY......#P.##.#...
...............Y@÷...............
...............YY................
.....†...........................
.......#.#.##..##P##########.....
...###.#####..##### ####..
.....### #.## #.#. ....## ###
##.. ...## ###.. ..P# .#....


You could see 5 death yaks.

Vanquished Creatures
  4 hydras
  Urug (Lair:1)
  2 centaur zombies (D:7)
  4 elephants (Lair:6)
  3 black mambas
  A torpor snail (Lair:5)
  12 spiny frogs
  6 komodo dragons
  5 polar bears
  Prince Ribbit (D:8)
  12 blink frogs
  5 hippogriffs
  2 wyverns (Lair:6)
  Eustachio (D:4)
  4 hogs (D:7)
  26 yaks
  A human (D:7)
  A steam dragon (Lair:4)
  2 hungry ghosts
  Menkaure (D:5)
  8 water moccasins
  7 porcupines
  2 orc warriors
  A black bear (Lair:3)
  2 sky beasts (D:5)
  2 ice beasts (D:8)
  4 centaurs
  3 ogres (D:8)
  11 wolves
  11 crocodiles
  A big kobold (D:7)
  10 bullfrogs
  A wyvern skeleton (D:6)
  2 scorpions
  9 killer bees (D:7)
  5 wights (D:6)
  A howler monkey (D:7)
  A crimson imp (D:5)
  A bullfrog zombie (D:7)
  7 orc priests
  3 hounds
  2 bullfrog skeletons (D:5)
  A centaur skeleton (D:7)
  Terence (D:2)
  5 iguanas
  4 orc wizards
  Ijyb (D:5)
  8 worker ants
  2 hound zombies
  A worker ant zombie (D:5)
  12 adders
  10 gnolls
  2 shadow imps
  5 oozes
  An adder skeleton (D:5)
  2 worms
  6 dart slugs
  4 leopard geckos
  33 orcs
  10 giant cockroaches
  9 goblins
  13 hobgoblins
  5 jackals
  7 kobolds
  2 quokkas
  7 bats
  3 frilled lizards (D:2)
  A jackal skeleton (D:4)
  A leopard gecko skeleton (D:7)
  2 quokka skeletons
  8 rats
  7 fungi
  A plant (Lair:2)
362 creatures vanquished.

Vanquished Creatures (collateral kills)
  A water moccasin (Lair:2)
1 creature vanquished.

Vanquished Creatures (others)
  4 fungi (Lair:2)
  11 plants (Lair:2)
15 creatures vanquished.

Grand Total: 378 creatures vanquished

Notes
Turn   | Place    | Note
-------+----------+-------------------------------------------
     0 | D:1      | MoonlitKnight the Minotaur Berserker began the quest for
                  | the Orb.
     0 | D:1      | Reached XP level 1. HP: 19/19 MP: 0/0
   236 | D:1      | Reached XP level 2. HP: 19/27 MP: 1/1
   878 | D:1      | You fall into a shaft and drop 1 floor!
   906 | D:2      | Reached XP level 3. HP: 27/33 MP: 2/2
  1325 | D:2      | Found a shadowy altar of Dithmenos.
  1329 | D:2      | Noticed Terence
  1343 | D:2      | HP: 1/33 [Terence/puff of flame (12)]
  1345 | D:2      | Killed Terence
  1692 | D:2      | Reached XP level 4. HP: 35/41 MP: 3/3
  1694 | D:2      | Reached skill level 5 in Axes
  1718 | D:2      | Reached ** piety under Trog
  1824 | D:2      | Found a hide-covered altar of Uskayaw.
  2457 | D:3      | Found a shattered altar of Ashenzari.
  2534 | D:3      | Reached XP level 5. HP: 47/47 MP: 4/4
  2694 | D:3      | Found a burning altar of Makhleb.
  3040 | D:3      | Found a blossoming altar of Fedhas.
  3613 | D:3      | Reached skill level 5 in Fighting
  3639 | D:3      | Reached *** piety under Trog
  3889 | D:4      | Reached XP level 6. HP: 56/56 MP: 5/5
  3910 | D:4      | Noticed Eustachio
  3917 | D:4      | Killed Eustachio
  4173 | D:4      | Reached skill level 5 in Armour
  4173 | D:4      | Reached XP level 7. HP: 62/62 MP: 6/6
  4339 | D:5      | Entered Level 5 of the Dungeon
  4489 | D:5      | Noticed Menkaure
  4497 | D:5      | Killed Menkaure
  4913 | D:5      | Found a blossoming altar of Fedhas.
  4996 | D:5      | Found Riheimn's Weapon Emporium.
  5058 | D:5      | Noticed Ijyb
  5067 | D:5      | Killed Ijyb
  5408 | D:5      | Reached XP level 8. HP: 69/71 MP: 7/7
  5472 | D:5      | Reached **** piety under Trog
  6017 | D:6      | Reached skill level 10 in Axes
  6260 | D:6      | Reached XP level 9. HP: 81/81 MP: 8/8
  6596 | D:6      | Found Iwnos's Antique Weapon Shop.
  7176 | D:7      | Reached ***** piety under Trog
  7176 | D:7      | Received a gift from Trog
  7297 | D:7      | Found a staircase to the Ecumenical Temple.
  7449 | D:7      | Found Juqaopt's Distillery.
  7472 | D:7      | Reached XP level 10. HP: 87/91 MP: 9/9
  8246 | D:8      | Found a basalt altar of Yredelemnul.
  8258 | D:8      | Found a staircase to the Lair.
  8316 | D:8      | Noticed Prince Ribbit
  8389 | D:8      | Killed Prince Ribbit
  8571 | D:8      | Found a sacrificial altar of Ru.
  8657 | D:8      | Reached skill level 10 in Fighting
  8809 | Lair:1   | Entered Level 1 of the Lair of Beasts
  8897 | Lair:1   | Noticed a spiny frog
  8901 | Lair:1   | Killed a spiny frog
  8927 | Lair:1   | Noticed Urug
  8943 | Lair:1   | Killed Urug
  8943 | Lair:1   | Reached skill level 10 in Armour
  9592 | Lair:1   | Found a runed translucent door.
  9592 | Lair:1   | Noticed walterwhite's ghost (journeyman GnTm)
  9603 | Lair:1   | Received a gift from Trog
  9606 | Lair:1   | Reached XP level 11. HP: 46/101 MP: 10/10
 10410 | Lair:2   | Reached skill level 5 in Dodging
 10431 | Lair:2   | Noticed a seven-headed hydra
 10807 | Lair:2   | Killed a four-headed hydra
 11881 | Lair:3   | Noticed an oklob plant
 11949 | Lair:3   | Reached XP level 12. HP: 105/115 MP: 11/11
 12163 | Lair:3   | Found a hole to the Spider Nest.
 12281 | Lair:3   | Noticed a four-headed hydra
 12290 | Lair:3   | Killed a one-headed hydra
 12883 | Lair:4   | Found a staircase to the Swamp.
 12987 | Lair:4   | Found a runed translucent gate.
 12988 | Lair:4   | Found a runed translucent gate.
 12991 | Lair:4   | Found a runed translucent gate.
 12994 | Lair:4   | Received a gift from Trog
 13282 | Lair:4   | Noticed astraldaughter's ghost (journeyman GnAE)
 13836 | Lair:5   | Reached skill level 10 in Dodging
 13885 | Lair:5   | Noticed a six-headed hydra
 13894 | Lair:5   | Killed a three-headed hydra
 14386 | Lair:5   | Noticed a four-headed hydra
 14394 | Lair:5   | Killed a one-headed hydra
 14590 | Lair:6   | Entered Level 6 of the Lair of Beasts
 14776 | Lair:6   | Reached skill level 15 in Axes
 14909 | Lair:6   | Reached XP level 13. HP: 117/125 MP: 12/12
 14910 | Lair:6   | Reached skill level 15 in Fighting
 15099 | Lair:6   | Found a staircase to the Slime Pits.
 15133 | Lair:6   | Mangled by a death yak

Levels and vault maps discovered:
D:1:      elethiomel_arrival_maze, layout_loops_ring, st_stairs_14
D:2:      layout_loops_ring, nicolae_overflow_hidden_temple,
          grunt_dithmenos_smoke, uniq_terence
D:3:      minmay_bubble_buster, layout_basic, lemuel_doored_altar,
          nicolae_overflow_crystal_walls, fedhas_altar_fruit_tree
D:4:      layout_gridville, first_ration, uniq_eustachio
D:5:      layout_loops_corners, basic_altar, serial_shops, shop, uniq_ijyb,
          uniq_menkaure
D:6:      layout_layer_cave, serial_shops, kennysheep_mini_moat
D:7:      cheibrodos_fzero, layout_basic, minmay_temple_entry_butterflies,
          serial_shops, shop, grunt_livestock
D:8:      layout_basic, yredelemnul_altar_generic, lemuel_round_altar,
          lair_entry_dummy, uniq_prince_ribbit1
D:9:      layout_roguey, grunt_temple_overflow_open, uniq_erolcha
Lair:1:   layout_hall_layers, hellmonk_ghost_happy_afterlife,
          chequers_serial_rivers_micro_b, uniq_urug
Lair:2:   layout_loops_ring, cheibrodos_lair_lostbears, serial_bayou_shore_a
Lair:3:   layout_gridlike, spider_nest_entry_web_field,
          minmay_lair_oklob_chamber, grunt_megastairs_3
Lair:4:   layout_gridlike, minmay_swamp_entry_reptiles, gammafunk_ghost_icy
Lair:5:   layout_gridlike, cheibrodos_lair_caveside_slide
Lair:6:   grunt_lair_end_beastmaster, layout_long_grid,
          nicolae_slime_entry_slimehenge

Skill      XL: |  1  2  3  4  5  6  7  8  9 10 11 12 13 |
---------------+----------------------------------------+-----
Axes           | 4 5 6 7 8 10 12 14 15 | 15.2
Fighting       | 4 5 6 7 9 10 13 14 15 | 15.0
Armour         | 3 4 5 6 7 8 10 | 10.4
Dodging        | 8 10 | 10.9

Action                   |  1- 3 |  4- 6 |  7- 9 | 10-12 | 13-15 || total
-------------------------+-------+-------+-------+-------+-------++-------
Melee: Hand axe          |    61 |   151 |       |       |       ||   212
       Headbutt          |    16 |    27 |    32 |    92 |     8 ||   175
       Battleaxe         |       |    25 |   186 |   142 |       ||   353
       War axe           |       |       |       |   161 |       ||   161
       Broad axe         |       |       |       |   122 |    21 ||   143
Throw: Javelin           |       |       |     1 |     8 |       ||     9
Invok: Berserk           |     1 |       |     2 |     3 |     1 ||     7
       Trog's Hand       |       |       |       |     1 |       ||     1
  Use: Scroll            |       |       |    13 |     5 |       ||    18
  Eat: Chunk             |     1 |     7 |    12 |    20 |     2 ||    42
       Ration            |     1 |       |     1 |     2 |       ||     4
Armor: Animal skin       |     4 |       |       |       |       ||     4
       Chain mail        |     1 |   102 |   121 |   221 |    12 ||   457
Dodge: Dodged            |    40 |    90 |   111 |   232 |    14 ||   487

Table legend:
 A = Non-vault XP
 B = Vault XP
 C = Vault XP percentage of total XP
 D = Non-vault monster count
 E = Vault monster count
 F = Vault count percentage of total count
                 A         B        C        D         E       F
            +---------+---------+-------+---------+---------+-------
      Total |   35264 |    5203 |  12.9 |     309 |      46 |  13.0
            +---------+---------+-------+---------+---------+-------
        D:1 |      27 |       4 |  12.9 |      16 |       2 |  11.1
        D:2 |     108 |      38 |  26.0 |      31 |       1 |   3.1
        D:3 |     136 |      55 |  28.8 |      27 |      10 |  27.0
        D:4 |     185 |     202 |  52.2 |      14 |       1 |   6.7
        D:5 |    1043 |     208 |  16.6 |      33 |       2 |   5.7
        D:6 |    1183 |       0 |   0.0 |      30 |       0 |   0.0
        D:7 |    1728 |    1450 |  45.6 |      21 |      16 |  43.2
        D:8 |    1186 |     286 |  19.4 |      20 |       1 |   4.8
     Lair:1 |    4265 |     859 |  16.8 |      17 |       1 |   5.6
     Lair:2 |    5342 |     895 |  14.3 |      20 |       3 |  13.0
     Lair:3 |    5509 |     563 |   9.3 |      20 |       2 |   9.1
     Lair:4 |    3066 |     622 |  16.9 |      15 |       4 |  21.1
     Lair:5 |    6001 |       0 |   0.0 |      25 |       0 |   0.0
     Lair:6 |    5485 |      21 |   0.4 |      20 |       3 |  13.0
            +---------+---------+-------+---------+---------+-------
